 Dungeon Crawl Stone Soup version 0.23-a0-391-g8c51ad5 (webtiles) character file.

61 Gorglomux the Ducker (level 4, -6/34 HPs)
             Began as a Merfolk Necromancer on Oct 30, 2018.
             Was an Initiate of Gozag.
             Mangled by a gnoll
             ... wielding a +0 spear
              (10 damage)
             ... on level 3 of the Dungeon.
             The game lasted 00:02:18 (2978 turns).

Gorglomux the Ducker (Merfolk Necromancer)          Turns: 2978, Time: 00:02:18

Health: -6/34      AC:  3    Str:  9    XL:     4   Next: 7%
Magic:  0/7        EV: 14    Int: 14    God:    Gozag
Gold:   217        SH:  0    Dex: 14    Spells: 3/7 levels left

rFire    . . .     SeeInvis .   e - +0 spear
rCold    . . .     Gourm    .   (no shield)
rNeg     . . .     Faith    .   a - +0 robe
rPois    .         Spirit   .   j - +0 helmet
rElec    .         Reflect  .   (no cloak)
rCorr    +         Harm     .   (no gloves)
MR       .....                  (no boots)
Stlth    ++........             (no amulet)
HPRegen  0.11/turn              g - ring of resist corrosion
MPRegen  0.10/turn              (no ring)

@: no status effects
A: change form in water, swift swim, stealthy swim
a: Potion Petition, Call Merchant, Bribe Branch, Renounce Religion


You were on level 3 of the Dungeon.
You worshipped Gozag.
Gozag was aware of your devotion.
You were not hungry.

You visited 1 branch of the dungeon, and saw 3 of its levels.

You collected 243 gold pieces.
You paid 26 gold pieces to Gozag.

Inventory:

Hand Weapons
 e - a +0 spear (weapon)
Missiles
 Z - 2 throwing nets (quivered)
Armour
 a - a +0 robe (worn)
 j - a +0 helmet (worn)
Jewellery
 g - a ring of resist corrosion (left hand)
Scrolls
 h - 2 scrolls of teleportation {unknown}
 k - a scroll of amnesia {unknown}
 l - 4 scrolls of identify {unknown}
 p - 2 scrolls of enchant armour {unknown}
 q - a scroll of noise {unknown}
 U - 3 scrolls of remove curse {unknown}
 W - a scroll of enchant weapon {unknown}
 Y - 2 scrolls of fog {unknown}
Potions
 d - 2 potions of might {unknown}
 m - 2 potions of curing {unknown}
 n - 2 potions of mutation {unknown}
 o - 2 potions of ambrosia {unknown}
 r - a potion of berserk rage {unknown}
 t - a potion of haste {unknown}
 V - a potion of flight {unknown}
 X - a potion of degeneration {unknown}
Comestibles
 c - 6 rations


   Skills:
 + Level 2.6 Fighting
 + Level 4.4 Dodging
 - Level 2.1 Stealth
 - Level 2.0 Spellcasting
 - Level 3.2 Necromancy


You had 3 spell levels left.
You knew the following spells:

 Your Spells              Type           Power        Failure   Level  Hunger
a - Pain                  Necr           ##..         6%          1    ##.....
v - Vampiric Draining     Necr           ##........   19%         3    ####...

Your spell library contained the following spells:

 Spells                   Type           Power        Failure   Level  Hunger
 Animate Skeleton         Necr           N/A          6%          1    ##.....
 Regeneration             Chrm/Necr      #.........   36%         3    ####...
 Animate Dead             Necr           N/A          52%         4    #####..


Dungeon Overview and Level Annotations

Branches:
Dungeon (3/15)

Altars:
Ashenzari
Dithmenos
Gozag
Nemelex Xobeh
Wu Jian
Xom


Message History

You spit the gnoll like a pig!
The gnoll is almost dead!
The gnoll closely misses you!
You stick the gnoll but do no damage!
The gnoll is almost dead!
The gnoll closely misses butt!
The gnoll barely misses you!
Casting: Pain (safe; 6% risk of failure)
Confirm with ! or Enter, or press ? or * to list all spells!
Aiming: Pain (safe; 6% risk of failure)
Press: ? - help, Shift-Dir - straight line, f/p - gnoll
Aim: a butt, wielding a +0 spear (almost dead, chance to defeat MR: 71%)
The gnoll writhes in agony!!!
The gnoll closely misses you!
You closely miss the gnoll!
The gnoll is almost dead!
The gnoll barely misses you!
You closely miss the gnoll!
The gnoll is almost dead!
The gnoll hits you with a +0 spear!!! rip Your butt crumbles into a pile of gold!

# #..#####..........##.....##
##....#......._.).#.......#
####...........).#[......# ##
#..........)..#.......# ...
##.##........(........##
#.####..##...........##...##
#..#...........>..<..###.###
.###...#......................
....#..........g@.....#.......
#......>............#.......#
#####............######.......#
#................# .......
#.##..#..........# #######
#..###........## ....
#..........# .... #..........#
.... #..........#


You could see a gnoll.

Vanquished Creatures
  An adder (D:2)
  2 oozes
  A worm (D:2)
  A leopard gecko (D:2)
  4 bats
  3 giant cockroaches
  7 goblins
  6 hobgoblins
  2 quokkas (D:2)
  2 ball pythons
  A frilled lizard (D:2)
  2 kobolds
  5 rats
37 creatures vanquished.

Notes
Turn   | Place    | Note
-------+----------+-------------------------------------------
     0 | D:1      | Gorglomux the Merfolk Necromancer began the quest for the
                  | Orb.
     0 | D:1      | Reached XP level 1. HP: 13/13 MP: 3/3
   339 | D:1      | Reached skill level 3 in Dodging
   424 | D:1      | Reached skill level 1 in Fighting
   484 | D:1      | Reached XP level 2. HP: 20/21 MP: 3/5
  1286 | D:2      | Found an opulent altar of Gozag.
  1340 | D:2      | Reached XP level 3. HP: 21/27 MP: 1/6
  1355 | D:2      | Became a worshipper of Gozag Ym Sagoz the Greedy
  1704 | D:2      | Reached skill level 4 in Dodging
  2034 | D:2      | Learned a level 3 spell: Vampiric Draining
  2481 | D:2      | Reached XP level 4. HP: 33/34 MP: 4/7
  2724 | D:3      | Found an ornate altar of the Wu Jian Council.
  2725 | D:3      | Found a shattered altar of Ashenzari.
  2725 | D:3      | Found a shadowy altar of Dithmenos.
  2729 | D:3      | Found a sparkling altar of Nemelex Xobeh.
  2729 | D:3      | Found a shimmering altar of Xom.
  2978 | D:3      | Mangled by a gnoll

Vault maps used:
D:1:      sevenhm_arrival_forest_fort_large_4
D:2:      serial_forest, infiniplex_forest_clump_long,
          infiniplex_forest_clump_diagonal, infiniplex_forest_lined_2,
          infiniplex_forest_corner_1, infiniplex_forest_clump_tiny,
          infiniplex_forest_clump_long, infiniplex_forest_zigzag_2,
          infiniplex_forest_clump_long, nicolae_gozag_seed_capital
D:3:      tso_altar, grunt_temple_overflow_open, okawaru_altar_gauntlet_db

Skill      XL: |  1  2  3 |
---------------+----------+-----
Dodging        | 3 4 |  4.4
Fighting       | 1 2 |  2.6
Stealth        | |  2.1
Spellcasting   | |  2.0
Necromancy     | |  3.2

Action                   |  1- 3 |  4- 6 || total
-------------------------+-------+-------++-------
Melee: Unarmed           |     4 |       ||     4
       Spear             |    41 |    13 ||    54
 Cast: Pain              |    69 |    20 ||    89
 Stab: Sleeping          |     1 |       ||     1
  Eat: Chunk             |     3 |       ||     3
       Ration            |     1 |     1 ||     2
Armor: Robe              |    18 |     1 ||    19
Dodge: Dodged            |    47 |    16 ||    63

Table legend:
 A = Non-vault XP
 B = Vault XP
 C = Vault XP percentage of total XP
 D = Non-vault monster count
 E = Vault monster count
 F = Vault count percentage of total count
                 A         B        C        D         E       F
            +---------+---------+-------+---------+---------+-------
      Total |      88 |       0 |   0.0 |      37 |       0 |   0.0
            +---------+---------+-------+---------+---------+-------
        D:1 |      30 |       0 |   0.0 |      13 |       0 |   0.0
        D:2 |      53 |       0 |   0.0 |      20 |       0 |   0.0
        D:3 |       5 |       0 |   0.0 |       4 |       0 |   0.0
            +---------+---------+-------+---------+---------+-------
